 Dungeon Crawl Stone Soup version 0.29.1-12-g30fa7ad0bf (webtiles) character file.

Game seed: 5254097442024457922

50119 Radix the Severer (level 14, 0/136 HPs)
             Began as a Hill Orc Fighter on Jan 14, 2023.
             Was the Champion of Beogh.
             Slain by an orc knight
             ... wielding a +0 bardiche
              (23 damage)
             ... on level 2 of the Orcish Mines.
             The game lasted 01:56:53 (21530 turns).

Radix the Severer (Hill Orc Fighter)               Turns: 21530, Time: 01:56:53

Health: 0/136      AC: 24    Str: 30    XL:     14   Next: 53%
Magic:  23/23      EV:  5    Int:  8    God:    Beogh [******]
Gold:   1340       SH: 16    Dex: 10    Spells: 13/13 levels left

rFire   . . .      SeeInvis +   a - +8 war axe (vamp)
rCold   + . .      Faith    .   E - +0 tower shield
rNeg    . . .      Spirit   .   q - +0 plate armour
rPois   +          Reflect  .   S - +2 helmet
rElec   .          Harm     .   R - +2 cloak {rPois}
rCorr   .          Rampage  .   (no gloves)
Will    +....                   O - +0 pair of boots
Stlth   ..........              C - amulet of regeneration
HPRegen 1.12/turn               s - ring of Otifir Hoewk {rC+ Str+6}
MPRegen 0.18/turn               m - ring of see invisible

@: about to teleport, studying 2 skills
A: walk on water
a: Renounce Religion, Smiting, Recall Orcish Followers, Give Item to Named
Follower, Resurrection


You were on level 2 of the Orcish Mines.
You worshipped Beogh.
Beogh was exalted by your worship.
You visited 3 branches of the dungeon, and saw 20 of its levels.
You also visited: Ossuary.

You collected 1790 gold pieces.
You spent 450 gold pieces at shops.

Inventory:

Hand Weapons
 a - a +8 vampiric war axe (weapon)
 c - a +3 great sword of flaming
 o - a +0 broad axe
 Q - the +10 zealot's sword {holy, *Rage rN+ EV+3}
   (You found it on level 2 of the Dungeon)

   It has been blessed by the Shining One to cause great damage to the undead
   and demons.
   Whenever the wielder enters a berserk rage, their allies are berserked
   alongside them.
   EV:        It affects your evasion (+3).
   rN:        It protects you from negative energy.
   *Rage:     It berserks you when you make melee attacks (+20% chance).
 X - a -2 demon whip of venom
Armour
 q - a +0 plate armour (worn)
 E - a +0 tower shield (worn)
 O - a +0 pair of boots (worn)
 R - a +2 cloak of poison resistance (worn)
 S - a +2 helmet (worn)
Jewellery
 h - a +6 ring of dexterity
 m - a ring of see invisible (right hand)
 s - the ring of Otifir Hoewk (left hand) {rC+ Str+6}
   (You found it on level 11 of the Dungeon)

   [ring of protection from cold]

   Str:       It affects your strength (+6).
   rC:        It protects you from cold.
 B - a +4 ring of evasion
 C - an amulet of regeneration (around neck)
 F - a ring of willpower
Wands
 r - a wand of digging (2) (quivered)
 y - a wand of acid (22)
 P - a wand of roots (13)
 T - a wand of polymorph (12)
 V - a wand of paralysis (7)
 W - a wand of flame (13)
Scrolls
 b - a scroll of immolation {unknown}
 g - 13 scrolls of teleportation
 i - 5 scrolls of fog
 D - 3 scrolls of magic mapping
 J - 3 scrolls of poison
 M - 7 scrolls of identify
Potions
 f - 3 potions of berserk rage {unknown}
 j - 4 potions of curing
 k - 2 potions of magic {unknown}
 l - a potion of ambrosia {unknown}
 n - 7 potions of lignification
 p - 2 potions of invisibility {unknown}
 t - 7 potions of brilliance
 u - a potion of cancellation {unknown}
 w - 4 potions of mutation {unknown}
 z - a potion of haste {unknown}
 A - 6 potions of flight
 I - 3 potions of degeneration {unknown}
 U - a potion of experience {unknown}


   Skills:
 + Level 15.7 Fighting
 + Level 16.7 Axes
 + Level 13.0 Armour
 + Level 11.9 Shields
 + Level 12.1 Invocations


You had 13 spell levels left.
You didn't know any spells.
Your spell library contained the following spells:

 Spells                   Type           Power      Damage    Failure   Level
 Beastly Appendage        Tmut           0%         N/A       100%        1
 Poisonous Vapours        Pois/Air       0%         N/A       100%        2
 Wereblood                Tmut           0%         N/A       100%        2
 Confusing Touch          Hex            0%         N/A       100%        3
 Ignite Poison            Fire/Tmut/Pois 0%         N/A       100%        3
 Mephitic Cloud           Conj/Pois/Air  0%         N/A       100%        3
 Ozocubu's Armour         Ice            0%         N/A       100%        3
 Spider Form              Tmut/Pois      0%         N/A       100%        3
 Corpse Rot               Necr/Pois/Air  0%         N/A       100%        4
 Dispel Undead            Necr           0%         3d6       100%        4
 Fulminant Prism          Conj/Hex       0%         3d6       100%        4
 Iskenderun's Mystic Bla  Conj/Tloc      0%         2d3       100%        4
 Summon Ice Beast         Ice/Summ       0%         N/A       100%        4
 Freezing Cloud           Conj/Ice/Air   0%         6-21      100%        5
 Iskenderun's Battlesphe  Conj           0%         2d6       100%        5
 Lee's Rapid Deconstruct  Erth           0%         3d5*      100%        5
 Metabolic Englaciation   Hex/Ice        0%         N/A       100%        5
 Summon Mana Viper        Hex/Summ       0%         N/A       100%        5
 Yara's Violent Unravell  Hex/Tmut       0%         3d3       100%        5
 Death Channel            Necr           0%         N/A       100%        6
 Iron Shot                Conj/Erth      0%         9d1       100%        6
 Simulacrum               Ice/Necr       0%         N/A       100%        6
 Enfeeble                 Hex            0%         N/A       100%        7
 Monstrous Menagerie      Summ           0%         N/A       100%        7
 Spellforged Servitor     Conj/Summ      0%         N/A       100%        7


Dungeon Overview and Level Annotations

Branches:
Dungeon (13/15)            Temple (0/1) D:6            Lair (5/5) D:9
 Shoals (0/4) Lair:3        Snake (0/4) Lair:3        Slime (0/5) Lair:4
    Orc (2/2) D:12            Elf (0/3) Orc:2       Ossuary (visited)
 Vaults: D:13-14

Altars:
Ashenzari
Cheibriados
Dithmenos
Elyvilon
Kikubaaqudgha
Makhleb
Okawaru
Qazlal
Vehumet
Wu Jian
Yredelemnul
Zin
The Shining One
Jiyva

Shops:
D:4 ?   D:5 =   D:6 *   D:8 (   D:9 [   Orc:2 *

Annotations:
D:4 2 transporters, Menkaure
Orc:1 3 runed translucent doors, Dootley's ghost, journeyman FoFi
Orc:2 2 transporters, Dvallin's ghost, journeyman GnCj


Message History

Your orc warrior closely misses the orc knight.
The orc sorcerer hits your orc with a +0 dagger.
Your orc warrior hits the orc knight from afar with a +0 glaive!
You slash the hellwing!
The hellwing is moderately wounded.
The soul eater hits Olfik!!
The soul eater drains Olfik.
You block the hellwing's attack. x2
Your orc hits something with a +0 trident.
Olfik hits the soul eater with a +0 dire flail!
Your orc closely misses the soul eater.
Your orc priest closely misses the hellwing.
Your orc wizard hits the orc sorcerer but does no damage.
The orc knight hits you from afar with a +0 bardiche!!
* * * LOW HITPOINT WARNING * * *
Something closely misses your orc.
The orc sorcerer hits your orc with a +0 dagger.
You feel better.
The soul eater hits Olfik but does no damage.
The hellwing barely misses you. You block the hellwing's attack.
Your orc closely misses the orc sorcerer.
Olfik closely misses the soul eater.
Something closely misses your orc wizard.
Something hits the orc knight.
Your orc priest hits the hellwing with a +0 dagger.
Your orc wizard casts a spell.
Your orc wizard flickers and vanishes for a moment.
You block the orc knight's attack.
The orc sorcerer gestures at your orc while chanting.
Your orc suddenly stops moving!
As you read the scroll of teleportation, it crumbles to dust.
You feel strangely unstable.
The soul eater hits Olfik but does no damage.
The hellwing hits you but does no damage. x2
Olfik closely misses the soul eater.
Your orc priest hits the hellwing but does no damage.
The orc sorcerer hits your orc with a +0 dagger!
Your orc dies!
Something hits the orc knight!
The orc knight hits you from afar with a +0 bardiche!!
You die... ##oo###..#o....##oo.o.ooo.oo..... ##...####oo..o.ooooo.....o.oo.... ##.####o##################ooo... ######.o# ###### #ooo... ##.#.#..o# ##oooo##### #.oo... #.......o# ##o.##oo...## #ooo... #......o.# #o.##ooo)...# #o.oo.. ...#..o.####.##4oo##)#.∩# #oooo..

..###....##..##)@## .#
.# #.ooo..
...###.o.##o##)oo# .
#.ooo..
...###.#o##.##.)3oo...#
#.ooo..
..###...###.##..o)o....#
#.ooo..
#..###.o.##o#####o.....#
#.ooo..
##.###..oooo.....)).....
#.ooo..
.#..###.o##.#####).....#
#.ooo.. .##o# #####.#
......# #.ooo.. ..#o#
#.# .....#. #.ooo..


You could see an orc knight (strong, ally target), a soul eater (summoned,
distracted, ally target), a hellwing (summoned, ally target), an orc sorcerer
(unaware), 2 friendly orc knights, the friendly Bogdar the orc knight (strong),
the friendly Grimold the orc knight (strong), the friendly Ogrik the orc knight
(strong), the friendly Olfik the orc knight (strong, drained), 3 friendly orc
warriors, a friendly orc priest (strong), a friendly orc wizard (strong,
invisible) and a friendly orc.

Vanquished Creatures
  A boulder beetle (D:12)
  4 death yaks
  An orc high priest (Orc:2)
  The ghost of TheGhostDragon953 the Cleaver, a novice MiBe of Trog (D:6)
  A manticore (Lair:5)
  A cyclops (D:11)
  A necromancer (Lair:2)
  An ugly thing (D:12)
  A guardian serpent (Lair:3)
  7 elephants
  2 black mambas (Lair:5)
  6 cane toads
  6 rime drakes
  2 gargoyles
  Maggie (D:6)
  An unseen horror (D:12)
  5 komodo dragons
  2 trolls
  3 polar bears
  8 blink frogs
  2 slime creatures (D:12)
  5 dream sheep
  Sigmund (D:2)
  11 yaks
  3 wyverns
  A shadow (D:10)
  A wraith (D:12)
  A vampire (D:9)
  2 basilisks
  A steam dragon (D:8)
  3 vampire mosquitoes
  6 water moccasins
  3 orc warriors
  2 black bears
  6 ogres
  3 wolves (Lair:1)
  2 centaurs
  2 kobold brigands (D:8)
  A necrophage (D:6)
  8 bullfrogs
  4 scorpions
  3 wights
  7 killer bees
  A howler monkey (D:7)
  2 electric eels
  A crimson imp (D:3)
  2 jellies
  5 hounds
  Crazy Yiuf (D:2)
  3 orc priests
  12 orc wizards
  6 iguanas
  A yak simulacrum (Lair:2)
  4 mummies (Ossuary)
  Robin (D:4)
  8 adders
  4 gnolls (D:3)
  A shadow imp (D:5)
  3 white imps
  2 ufetubi
  An adder zombie (Ossuary)
  A worm (D:2)
  3 dart slugs
  31 orcs
  4 bats
  5 endoplasms
  3 giant cockroaches
  18 goblins
  9 hobgoblins
  6 jackals
  10 quokkas
  7 ball pythons
  7 frilled lizards
  2 gnoll zombies (Ossuary)
  A goblin zombie (Ossuary)
  2 hobgoblin zombies (Ossuary)
  2 jackal zombies (Ossuary)
  18 kobolds
  2 orc zombies (Ossuary)
  4 rats
  2 rat zombies (Ossuary)
328 creatures vanquished.

Vanquished Creatures (collateral kills)
  Rupert (Lair:5)
  2 boulder beetles
  7 hydras
  3 catoblepae
  4 two-headed ogres
  7 death yaks
  Amaemon (Lair:3)
  2 orc knights (Orc:2)
  A lindwurm (Lair:5)
  An ugly thing (D:12)
  A manticore (Lair:5)
  3 orc sorcerers (Orc:2)
  8 slime creatures (D:12)
  15 elephants
  A cyclops (D:11)
  2 black mambas
  Joseph (D:10)
  9 cane toads
  A torpor snail (Lair:2)
  An orange demon (Lair:3)
  2 komodo dragons
  A rime drake (Lair:5)
  A hornet (D:10)
  5 polar bears
  15 blink frogs
  4 dream sheep
  13 yaks
  4 basilisks
  4 vampire mosquitoes
  2 wargs
  11 water moccasins
  3 orc warriors
  2 black bears
  3 ogres
  2 wolves (Lair:5)
  A centaur (D:11)
  9 bullfrogs
  7 wights
  5 killer bees
  6 orc priests
  An iguana (D:7)
  6 orc wizards
  3 polar bear simulacra (Lair:2)
  3 yak simulacra (Lair:2)
  A wolf simulacrum (Lair:2)
  8 orcs
  2 goblins (D:12)
  A kobold (D:8)
  3 river rat simulacra (Lair:2)
  A plant (Lair:2)
200 creatures vanquished.

Vanquished Creatures (others)
  2 orc knights
  An orc high priest (Orc:2)
  7 orc warriors
  6 orc priests
  6 orc wizards
  21 orcs
  42 fungi
  61 plants
146 creatures vanquished.

Grand Total: 674 creatures vanquished

Notes
Turn   | Place    | Note
-------+----------+-------------------------------------------
     0 | D:1      | Radix the Hill Orc Fighter began the quest for the Orb.
     0 | D:1      | Reached XP level 1. HP: 19/19 MP: 1/1
   120 | D:1      | Reached skill level 3 in Axes
   162 | D:1      | Reached XP level 2. HP: 23/27 MP: 2/2
   221 | D:1      | Found a faded altar of an unknown god.
   592 | D:1      | Reached XP level 3. HP: 34/34 MP: 3/3
  1095 | D:2      | Reached skill level 4 in Axes
  1293 | D:2      | Found the +10 zealot's sword {holy, *Rage rN+ EV+3}
  1484 | D:2      | Noticed Sigmund
  1491 | D:2      | Killed Sigmund
  1492 | D:2      | Reached skill level 5 in Axes
  1492 | D:2      | Reached XP level 4. HP: 44/44 MP: 4/4
  1492 | D:2      | Reached XP level 5. HP: 50/50 MP: 5/5
  1690 | D:2      | Found a runed translucent door.
  1691 | D:2      | Noticed Crazy Yiuf
  1696 | D:2      | Killed Crazy Yiuf
  1697 | D:2      | Reached skill level 6 in Axes
  1697 | D:2      | Reached XP level 6. HP: 51/57 MP: 6/6
  2633 | D:3      | Found a stormy altar of Qazlal.
  2673 | D:3      | Found a snail-covered altar of Cheibriados.
  2709 | D:3      | Found a glowing golden altar of the Shining One.
  2963 | D:3      | Found a burning altar of Makhleb.
  2963 | D:3      | Found a radiant altar of Vehumet.
  3617 | D:4      | Reached skill level 7 in Axes
  3619 | D:4      | Reached XP level 7. HP: 59/64 MP: 7/7
  3619 | D:4      | Became a worshipper of Beogh the Brigand
  3819 | D:4      | Noticed Robin
  3830 | D:4      | Killed Robin
  3838 | D:4      | Reached * piety under Beogh
  4037 | D:4      | Found a transporter.
  4061 | D:4      | Found an ancient bone altar of Kikubaaqudgha.
  4066 | D:4      | Noticed Menkaure
  4075 | D:4      | Found a basalt altar of Yredelemnul.
  4079 | D:4      | Found a transporter.
  4272 | D:4      | Reached skill level 8 in Axes
  4334 | D:4      | Found Fyuh's Magic Scroll Shop.
  4460 | D:5      | Entered Level 5 of the Dungeon
  4481 | D:5      | Reached XP level 8. HP: 63/74 MP: 8/8
  4537 | D:5      | Reached skill level 9 in Axes
  4697 | D:5      | Reached ** piety under Beogh
  4709 | D:5      | Found Xocseh's Jewellery Shop.
  4730 | D:5      | HP: 1/77 [ogre/+0 giant spiked club (22)]
  5122 | D:5      | Found an ornate altar of the Wu Jian Council.
  5349 | D:6      | Found an iron altar of Okawaru.
  5350 | D:6      | Noticed Maggie
  5361 | D:6      | Killed Maggie
  5362 | D:6      | Reached skill level 10 in Axes
  5459 | D:6      | Found a staircase to the Ecumenical Temple.
  5475 | D:6      | Reached skill level 10 in Fighting
  5506 | D:6      | Reached XP level 9. HP: 85/85 MP: 9/9
  5507 | D:6      | Found Culorph's Overcharged Wands.
  5640 | D:6      | Found a shadowy altar of Dithmenos.
  5682 | D:6      | Found a runed translucent door.
  5682 | D:6      | Noticed TheGhostDragon953's ghost (novice MiBe)
  5709 | D:6      | Killed TheGhostDragon953's ghost
  5710 | D:6      | Reached skill level 11 in Axes
  5911 | D:7      | Found a sand-covered staircase.
  5928 | Ossuary  | Entered an ossuary
  5937 | Ossuary  | Reached *** piety under Beogh
  6207 | D:7      | Reached skill level 5 in Armour
  6207 | D:7      | Reached skill level 5 in Shields
  6323 | D:7      | Found a broken altar of Ashenzari.
  6930 | D:8      | Reached XP level 10. HP: 63/96 MP: 10/10
  7050 | D:8      | Found Vomuship's Antique Weapon Shoppe.
  7117 | D:8      | Reached skill level 12 in Axes
  7809 | D:9      | Reached skill level 1 in Invocations
  7878 | D:9      | Noticed a two-headed ogre
  7887 | D:9      | Killed a two-headed ogre
  7930 | D:9      | Found a staircase to the Lair.
  7930 | D:9      | Noticed an elephant
  7940 | D:9      | Killed an elephant
  7940 | D:9      | Reached **** piety under Beogh
  8187 | D:9      | Found Irack's Antique Armour Boutique.
  8195 | D:9      | Bought a runed cloak for 225 gold pieces
  8195 | D:9      | Bought a shiny helmet for 225 gold pieces
  8256 | D:10     | Entered Level 10 of the Dungeon
  8282 | D:10     | Reached XP level 11. HP: 100/104 MP: 12/14
  8469 | D:10     | Reached skill level 13 in Axes
  8570 | D:10     | Noticed Joseph
  8579 | D:10     | Killed Joseph
  8610 | D:10     | Reached skill level 5 in Invocations
  8766 | D:10     | Found a glowing silver altar of Zin.
  8766 | D:10     | Noticed an angel
  8858 | D:10     | Gained Wargrak as an ally
  9005 | D:11     | Noticed a two-headed ogre
  9006 | D:11     | Noticed a cyclops
  9009 | D:11     | Killed a two-headed ogre
  9012 | D:11     | Killed a cyclops
  9162 | D:11     | Identified the ring of Otifir Hoewk {rC+ Str+6}
  9508 | D:11     | Noticed a cyclops
  9512 | D:11     | Killed a cyclops
  9819 | D:11     | Reached ***** piety under Beogh
 10455 | D:12     | Noticed a boulder beetle
 10467 | D:12     | Killed a boulder beetle
 10488 | D:12     | Gained Ogrik as an ally
 10502 | D:12     | Found a staircase to the Orcish Mines.
 10553 | D:12     | Noticed a purple ugly thing
 10554 | D:12     | Noticed a boulder beetle
 10558 | D:12     | Noticed a cyan ugly thing
 10562 | D:12     | Killed a cyan ugly thing
 10562 | D:12     | Killed a boulder beetle
 10565 | D:12     | Killed a purple ugly thing
 10566 | D:12     | Reached XP level 12. HP: 75/115 MP: 17/17
 10577 | D:12     | Gained Bogdar as an ally
 10585 | D:12     | Reached skill level 14 in Axes
 10660 | D:12     | Noticed a two-headed ogre
 10665 | D:12     | Killed a two-headed ogre
 11777 | Lair:1   | Entered Level 1 of the Lair of Beasts
 11805 | Lair:1   | Gained Thorok as an ally
 11869 | Lair:1   | Noticed a catoblepas
 11885 | Lair:1   | Killed a catoblepas
 12005 | Lair:1   | Noticed a seven-headed hydra
 12011 | Lair:1   | Killed an eight-headed hydra
 12484 | Lair:1   | Found a white marble altar of Elyvilon.
 12985 | Lair:2   | Noticed a death yak
 12985 | Lair:2   | Noticed a death yak
 12986 | Lair:2   | Noticed a death yak
 12991 | Lair:2   | Killed a death yak
 12991 | Lair:2   | Gained Olfik as an ally
 12996 | Lair:2   | Killed a death yak
 12996 | Lair:2   | Killed a death yak
 13054 | Lair:2   | Your ally Wargrak died
 13363 | Lair:2   | Reached skill level 10 in Armour
 13571 | Lair:2   | Reached skill level 10 in Shields
 13574 | Lair:2   | Reached skill level 15 in Axes
 13577 | Lair:2   | Reached XP level 13. HP: 112/124 MP: 19/19
 14398 | Lair:3   | Found a staircase to the Snake Pit.
 14404 | Lair:3   | Reached skill level 10 in Invocations
 14824 | Lair:3   | Found a staircase to the Shoals.
 15072 | Lair:3   | Noticed Amaemon
 15078 | Lair:3   | Killed Amaemon
 16045 | Lair:4   | Identified a scroll of acquirement
 16045 | Lair:4   | Acquired a manual of Armour
 16125 | Lair:4   | Found a viscous altar of Jiyva.
 16125 | Lair:4   | Found a staircase to the Slime Pits.
 16647 | Lair:5   | Entered Level 5 of the Lair of Beasts
 16661 | Lair:5   | Reached ****** piety under Beogh
 16703 | Lair:5   | HP: 3/125 [boulder beetle (27)]
 16830 | Lair:5   | Reached skill level 15 in Fighting
 16830 | Lair:5   | Reached skill level 16 in Axes
 17075 | Lair:5   | Reached XP level 14. HP: 126/135 MP: 22/22
 17563 | Lair:5   | Noticed Rupert
 17569 | Lair:5   | Killed Rupert
 20158 | Orc:1    | Entered Level 1 of the Orcish Mines
 20199 | Orc:1    | Found a runed translucent gate.
 20199 | Orc:1    | Found a runed translucent gate.
 20199 | Orc:1    | Found a runed translucent gate.
 20204 | Orc:1    | Gained Grimold as an ally
 20208 | Orc:1    | Noticed a stone giant
 20208 | Orc:1    | Noticed Dootley's ghost (journeyman FoFi)
 20246 | Orc:1    | Found an iron altar of Okawaru.
 21012 | Orc:2    | Entered Level 2 of the Orcish Mines
 21251 | Orc:2    | Found a transporter.
 21256 | Orc:2    | Noticed Dvallin's ghost (journeyman GnCj)
 21280 | Orc:2    | Found a transporter.
 21282 | Orc:2    | Found a burning altar of Makhleb.
 21385 | Orc:2    | Found a staircase to the Elven Halls.
 21503 | Orc:2    | Found Iplovoli's General Store.
 21530 | Orc:2    | Slain by an orc knight

Illustrated notes

Levels and vault maps discovered:
D:1:      lightli_arrival_maybe_door_vault, layout_basic,
          ebering_ecumenical_altar_webs, st_stairs_14
D:2:      layout_basic, minmay_box_of_dots, uniq_sigmund,
          uniq_crazy_yiuf_cottage
D:3:      layout_loops_ring, grunt_temple_overflow_lords_of_destruction,
          tso_metal_star, jmf_multi_god_temple, st_stairs_5, minivault_27
D:4:      layout_basic, gammafunk_temple_of_torment, serial_shops,
          shop_fountains, uniq_robin
D:5:      layout_cave_pools, pdpol_wu_jian_five_deadly_venoms, serial_shops,
          nicolae_shop_crystal, minmay_manual_mail
D:6:      layout_gridville, mainiacjoe_overflow_chevrons,
          okawaru_metal_pillars_3, temple_fountains, gammafunk_ghost_grave,
          nicolae_shop_overcharged_wands, uniq_maggie
D:7:      layout_basic, mainiacjoe_overflow_catwalk, enter_ossuary_1
D:8:      layout_loops_ring, serial_shops, shop, corexii_checkpoint_a
D:9:      layout_small_grid, david_lair_generic, serial_shops,
          nicolae_shop_temple_entry_statues_fountains
D:10:     layout_roguey, zin_angel, kennysheep_small_circle, uniq_joseph
D:11:     minmay_weird_star, layout_layer_cave
D:12:     layout_cave_pools, erik_orc_3
D:13:     layout_gridville, hangedman_vaults_entry_quadrant_bands, uniq_snorg
Lair:1:   layout_regular_city, basic_altar, grunt_megastairs_1
Lair:2:   layout_long_grid, eino_house_with_fridge, grunt_megastairs_5,
          serial_bayou_shore_a, infiniplex_staircase_pool
Lair:3:   layout_cave_pods, shoals_dummy_entry, minmay_snake_entry_spellcaster,
          cheibrodos_lair_lostbears, uniq_amaemon
Lair:4:   layout_cave_pods, dpeg_slime_entry_enclosed
Lair:5:   hangedman_lair_in_review, layout_regular_city,
          dreamdust_deal_with_the_devil, gammafunk_lair_bear_cave,
          grunt_megastairs_4, uniq_rupert
Orc:1:    layout_diamond_mine, gammafunk_ghost_fury_of_okawaru
Orc:2:    st_orc_elflike, layout_caves, basic_altar, gammafunk_ghost_stat_death

Skill      XL: |  1  2  3  4  5  6  7  8  9 10 11 12 13 14 |
---------------+-------------------------------------------+-----
Axes           | 3 5 6 7 8 10 11 12 13 15 16 | 16.7
Fighting       | 4 6 8 10 11 12 13 14 15 | 15.7
Armour         | 5 7 8 10 11 13 | 13.0
Shields        | 5 7 8 10 11 | 11.9
Invocations    | 4 7 9 11 12 | 12.1

Action                   |  1- 3 |  4- 6 |  7- 9 | 10-12 | 13-15 || total
-------------------------+-------+-------+-------+-------+-------++-------
Melee: War axe           |    94 |    67 |   374 |   344 |   267 ||  1146
       Eudemon blade     |    10 |    35 |       |       |       ||    45
Invok: Convert to Beogh  |       |       |     1 |       |       ||     1
       Smiting           |       |       |       |     2 |       ||     2
       Give Item to Name |       |       |       |     1 |     1 ||     2
       Recall Orcish Fol |       |       |       |       |     4 ||     4
Evoke: Wand              |       |       |       |     2 |     3 ||     5
  Use: Scroll            |       |     5 |    12 |     7 |    10 ||    34
       Potion            |       |       |     5 |     2 |    10 ||    17
 Stab: Distracted        |       |       |       |     1 |     5 ||     6
       Confused          |       |       |       |     1 |       ||     1
Armor: Scale mail        |    25 |       |       |       |       ||    25
       Chain mail        |    34 |       |       |       |       ||    34
       Plate armour      |     3 |    64 |   124 |   144 |   268 ||   603
       Swamp dragon scal |       |       |    86 |    60 |       ||   146
Dodge: Dodged            |    50 |    30 |   130 |   131 |    67 ||   408
Block: Buckler           |    27 |    25 |    31 |       |       ||    83
       Tower shield      |       |       |   140 |   293 |   272 ||   705
